 Dungeon Crawl Stone Soup version 0.25-a0-1119-g28b6fd0c3b (webtiles) character file.

Game seed: 7818949580860128153, levelgen mode: deterministic

2018 kae the Frost Mage (level 9, -2/57 HPs)
             Began as a Merfolk Ice Elementalist on May 18, 2020.
             Was an Initiate of Makhleb.
             Slain by Maggie
             ... wielding a +2 glaive of draining
              (8 damage)
             ... on level 7 of the Dungeon.
             The game lasted 00:10:09 (8608 turns).

kae the Frost Mage (Merfolk Ice Elementalist)       Turns: 8608, Time: 00:10:09

Health: -2/57      AC:  6    Str: 14    XL:     9   Next: 23%
Magic:  18/18      EV: 12    Int: 14    God:    Makhleb [......]
Gold:   345        SH:  0    Dex: 14    Spells: 14/21 levels left

rFire    + . .     SeeInvis .   C - +2 halberd (venom)
rCold    . . .     Gourm    .   (shield currently unavailable)
rNeg     . . .     Faith    .   h - +0 robe
rPois    .         Spirit   .   B - +2 helmet of Repulsion {Str+2 Stlth+}
rElec    .         Reflect  .   f - scarf {harm}
rCorr    .         Harm     .   (no gloves)
MR       +....                  p - +0 pair of boots
Stlth    +++.......             v - amulet of the acrobat
HPRegen  0.19/turn              n - ring of protection from fire
MPRegen  0.16/turn              k - ring of protection from magic

@: mesmerised, heavily drained
A: change form in water, swift swim, stealthy swim
a: Renounce Religion


You were on level 7 of the Dungeon.
You worshipped Makhleb.
Makhleb was noncommittal.
You were not hungry.

You visited 2 branches of the dungeon, and saw 8 of its levels.
You also visited: Ossuary.

You collected 588 gold pieces.
You spent 243 gold pieces at shops.

Inventory:

Hand Weapons
 a - a +2 whip of electrocution
 b - a +3 halberd
 o - a +0 scythe
 C - a +2 halberd of venom (weapon)
Armour
 f - a scarf of harm (worn)
 h - a +0 robe (worn)
 i - a +0 buckler
 p - a +0 pair of boots (worn)
 B - the +2 helmet of Repulsion (worn) {Str+2 Stlth+}
   (You took it off Robin on level 2 of the Dungeon)

   It affects your strength (+2).
   It makes you more stealthy.
Jewellery
 k - a ring of protection from magic (right hand)
 n - a ring of protection from fire (left hand)
 v - an amulet of the acrobat (around neck)
 w - an uncursed ring of flight
Wands
 l - a wand of polymorph (12)
 u - a wand of digging (7)
 y - a wand of iceblast (10)
 D - a wand of flame (8)
Scrolls
 e - a scroll of amnesia
 q - 2 scrolls of remove curse
 x - a scroll of teleportation
Potions
 d - 5 potions of curing
 g - 3 potions of haste
 j - a potion of cancellation
 m - a potion of might
 r - 2 potions of mutation
 s - 3 potions of berserk rage {unknown}
 t - 5 potions of lignification
 z - a potion of stabbing {unknown}
 A - a potion of flight {unknown}
Comestibles
 c - 10 rations
 E - a chunk of flesh


   Skills:
 - Level 2.6(1.3) Dodging
 - Level 2.1(0.9) Stealth
 + Level 6.5(5.0) Spellcasting
 * Level 11.3(9.6) Ice Magic


You had 14 spell levels left.
You knew the following spells:

 Your Spells              Type           Power        Failure   Level  Hunger
a - Freeze                Ice            ####         1%          1    None
b - Frozen Ramparts       Ice            ####..       1%          3    ###....
c - Ozocubu's Armour      Chrm/Ice       ###.....     7%          3    ###....

Your spell library contained the following spells:

 Spells                   Type           Power        Failure   Level  Hunger
 Hailstorm                Conj/Ice       ###.....     24%         4    ####...
 Summon Ice Beast         Ice/Summ       ###.....     24%         4    ####...


Dungeon Overview and Level Annotations

Branches:
Dungeon (7/15)             Temple (1/1) D:5         Ossuary (visited)

Altars:
Ashenzari
Cheibriados
Dithmenos
Elyvilon
Fedhas
Gozag
Hepliaklqana
Kikubaaqudgha
Makhleb
Nemelex Xobeh
Okawaru
Qazlal
Ru
Sif Muna
Trog
Uskayaw
Vehumet
Wu Jian
Xom
Yredelemnul
Zin
The Shining One

Shops:
D:5 (   D:6 !

Annotations:
D:5 exclusion: ogre
D:7 Maggie


Message History

Maggie attempts to bespell you!
You are mesmerised by Maggie!
You hear a distant slurping noise.
You slash Maggie!
Maggie looks as sick as possible!
Maggie is heavily wounded.
Maggie mumbles the words to a spell, but in the wrong order.
Maggie casts a spell at you. The bolt of fire hits you! You resist.
Maggie hits you with a +2 glaive of draining!
You feel drained.
You puncture Maggie!
Maggie looks as sick as possible!
Maggie is severely wounded.
Maggie hits you with a +2 glaive of draining.
You feel drained.
You closely miss Maggie.
Maggie is severely wounded.
Maggie hits you with a +2 glaive of draining!
* * * LOW HITPOINT WARNING * * *
You feel drained.
You die...

##### ..... .
(..... ...
......#####....
.(..........#
.......@....+
######..@...#
#......#
#......#
#........
#.........
#.........
#.........


You could see Maggie (mesmerising, extremely poisoned).

Vanquished Creatures
  A deep elf mage (D:6)
  Eustachio (D:4)
  Sigmund (D:2)
  Menkaure (D:4)
  A phantom (D:6)
  A centaur (D:6)
  An ogre (D:6)
  An elf zombie (D:4)
  A bullfrog (D:6)
  2 elf skeletons (D:4)
  A crimson imp (D:6)
  A hound (D:4)
  A human zombie (D:4)
  Ijyb (D:5)
  3 orc wizards (D:4)
  Natasha (twice) (D:4)
  3 human skeletons (D:4)
  3 worker ants
  A big kobold zombie (Ossuary)
  8 mummies (Ossuary)
  Robin (D:2)
  3 gnolls (D:2)
  6 adders
  An ooze (D:2)
  2 adder skeletons (D:5)
  3 worms
  2 dart slugs
  3 leopard geckos
  2 orcs (D:4)
  12 giant cockroaches
  3 gnoll zombies (Ossuary)
  12 goblins
  6 hobgoblins
  2 jackals (D:6)
  5 kobolds
  2 quokkas
  A ball python (D:2)
  7 bats
  4 frilled lizards
  2 hobgoblin zombies (Ossuary)
  A kobold zombie (Ossuary)
  A leopard gecko skeleton (D:5)
  A leopard gecko zombie (D:5)
  2 orc skeletons (D:4)
  2 orc zombies
  A quokka skeleton (D:5)
  5 rats
127 creatures vanquished.

Notes
Turn   | Place    | Note
-------+----------+-------------------------------------------
     0 | D:1      | kae the Merfolk Ice Elementalist began the quest for the
                  | Orb.
     0 | D:1      | Reached XP level 1. HP: 13/13 MP: 3/3
   330 | D:1      | Reached XP level 2. HP: 19/19 MP: 1/5
   813 | D:1      | Reached skill level 5 in Ice Magic
   950 | D:1      | Reached XP level 3. HP: 24/24 MP: 4/6
  1609 | D:2      | Noticed Sigmund
  1719 | D:2      | Found a sacrificial altar of Ru.
  1744 | D:2      | Reached XP level 4. HP: 27/30 MP: 5/8
  1749 | D:2      | Identified the +2 helmet of Repulsion {Str+2 Stlth+}
  1749 | D:2      | Noticed Robin
  1752 | D:2      | Killed Robin
  2049 | D:2      | Learned a level 3 spell: Frozen Ramparts
  2318 | D:2      | Reached skill level 6 in Ice Magic
  2412 | D:2      | Reached XP level 5. HP: 23/35 MP: 4/9
  3351 | D:3      | Found a glowing golden altar of the Shining One.
  3427 | D:4      | Noticed Eustachio
  3445 | D:4      | Killed Eustachio
  3445 | D:4      | Reached skill level 7 in Ice Magic
  3445 | D:4      | Reached XP level 6. HP: 31/41 MP: 0/11
  3887 | D:4      | Noticed Menkaure
  3970 | D:4      | Found a sand-covered staircase.
  3975 | Ossuary  | Entered an ossuary
  4335 | Ossuary  | Reached XP level 7. HP: 46/46 MP: 9/13
  4646 | Ossuary  | Reached skill level 8 in Ice Magic
  5379 | D:4      | Noticed Natasha
  5387 | D:4      | Killed Natasha
  5593 | D:4      | Learned a level 3 spell: Ozocubu's Armour
  5624 | D:5      | Entered Level 5 of the Dungeon
  5708 | D:5      | Reached skill level 9 in Ice Magic
  5984 | D:5      | Found a staircase to the Ecumenical Temple.
  5985 | D:5      | Noticed Ijyb
  5995 | D:5      | Reached XP level 8. HP: 52/52 MP: 15/15
  6038 | D:5      | Killed Ijyb
  6038 | D:5      | Reached skill level 5 in Spellcasting
  6053 | Temple   | Entered the Ecumenical Temple
  6302 | Temple   | Became a worshipper of Makhleb the Destroyer
  6482 | D:2      | Killed Sigmund
  6702 | D:4      | Noticed Natasha
  6710 | D:4      | Killed Natasha
  6913 | D:4      | Killed Menkaure
  6913 | D:4      | Reached skill level 10 in Ice Magic
  7314 | D:5      | Found Izxagaun's Weapon Shoppe.
  7336 | D:5      | Bought a +2 halberd of venom for 201 gold pieces
  7564 | D:6      | Found Muysos's Distillery.
  7695 | D:6      | Bought a potion of lignification for 42 gold pieces
  8389 | D:6      | Noticed a deep elf mage
  8400 | D:6      | Killed a deep elf mage
  8400 | D:6      | Reached skill level 11 in Ice Magic
  8400 | D:6      | Reached XP level 9. HP: 26/57 MP: 15/18
  8602 | D:7      | Noticed Maggie
  8608 | D:7      | Slain by Maggie

Illustrated notes

Levels and vault maps discovered:
D:1:      dpeg_arrival_pits, layout_basic, st_stairs_10, hangedman_decor_lopped
D:2:      layout_loops_cross, nicolae_ru_sacrificial_ziggurat, uniq_sigmund,
          uniq_robin
D:3:      layout_basic, tso_altar, first_ration, minmay_misc_feat_chi
D:4:      layout_cave_pods, nicolae_ossuary_entry_catacombs, uniq_natasha,
          uniq_eustachio, uniq_menkaure
D:5:      layout_loops_ring, minmay_temple_entry_drinking_statues, serial_shops,
          nicolae_shop_window_shopping, uniq_ijyb
D:6:      layout_loops_ring, serial_shops, nicolae_shop_crystal,
          grunt_decor_cap, abandoned_shop, guppyfry_early_elven_hall
D:7:      layout_gridville, nemelex_spade_bored_becter, uniq_maggie
Temple:   roderic_octagonal_lattice_temple

Skill      XL: |  1  2  3  4  5  6  7  8 |
---------------+-------------------------+-----
Ice Magic      | 5 6 7 9 11 | 11.3
Spellcasting   | 3 4 6 |  6.5
Dodging        | |  2.6
Stealth        | |  2.1

Action                   |  1- 3 |  4- 6 |  7- 9 || total
-------------------------+-------+-------+-------++-------
Melee: Unarmed           |     4 |       |       ||     4
       Whip              |    45 |     7 |       ||    52
       Halberd           |       |    88 |   186 ||   274
 Cast: Freeze            |    32 |    48 |    12 ||    92
       Frozen Ramparts   |       |     2 |     7 ||     9
       Ozocubu's Armour  |       |       |     1 ||     1
Evoke: Wand              |       |     2 |       ||     2
  Use: Scroll            |       |    14 |     7 ||    21
       Potion            |       |     1 |       ||     1
 Stab: Sleeping          |     6 |     5 |    13 ||    24
       Distracted        |     1 |       |       ||     1
  Eat: Chunk             |     3 |     7 |    13 ||    23
       Ration            |       |       |     1 ||     1
Armor: Robe              |    14 |    17 |    35 ||    66
Dodge: Dodged            |    50 |    61 |   109 ||   220
Block: Buckler           |       |     1 |       ||     1

Table legend:
 A = Non-vault XP
 B = Vault XP
 C = Vault XP percentage of total XP
 D = Non-vault monster count
 E = Vault monster count
 F = Vault count percentage of total count
                 A         B        C        D         E       F
            +---------+---------+-------+---------+---------+-------
      Total |    1045 |    1839 |  63.8 |      87 |      40 |  31.5
            +---------+---------+-------+---------+---------+-------
        D:1 |      33 |       2 |   5.7 |      18 |       2 |  10.0
        D:2 |     117 |     234 |  66.7 |      26 |       7 |  21.2
        D:3 |      36 |       0 |   0.0 |      12 |       0 |   0.0
        D:4 |     260 |     831 |  76.2 |      13 |      13 |  50.0
        D:5 |      63 |      38 |  37.6 |       9 |       1 |  10.0
        D:6 |     536 |     553 |  50.8 |       9 |       1 |  10.0
    Ossuary |       0 |     181 | 100.0 |       0 |      16 | 100.0
            +---------+---------+-------+---------+---------+-------
